Map: Coda LE (Void)

Players

Bop - Winner!

  • Race: Zerg Zerg

Meldo

  • Race: Zerg Zerg

VOD

Have the link to the VOD?

Description

Time

  • Played on: May 1, 2015, 6:43 p.m.
  • Length: 16:12
Show
View Real Time Build Order
Export as new Build Order

Bop Zerg - Winner!

Build Orders: Hatch First, Lurkers 

Get SALT Encoding   

  12  0:01  Drone  
  13  0:13  Overlord  
  13  0:19  Drone  
  14  0:31  Drone x2  
  16  0:36  Drone  
  17  0:53  Hatchery  
  17  0:57  Drone  
  17  0:59  Extractor  
  17  1:01  Drone  
  17  1:17  Spawning Pool  
  16  1:20  Drone  
  16  1:23  Drone  
  18  1:30  Drone  
  19  1:43  Drone  
  20  1:59  Drone  
  21  2:03  Metabolic Boost  
  21  2:05  Queen  
  21  2:07  Drone  
  24  2:11  Drone  
  25  2:16  Overlord  
  25  2:28  Baneling Nest  
  24  2:30  Drone x2  
  24  2:33  Zergling x2  
  24  2:35  Zergling x2  
  28  2:40  Queen  
  28  2:44  Queen  
  32  2:51  Drone x3  
  35  3:04  Drone  
  36  3:07  Overlord  
  35  3:18  Overlord  
  35  3:26  Lair  
  35  3:27  Drone x4  
  35  3:28  Drone x2  
  35  3:32  Overlord  
  41  3:41  Drone  
  41  3:42  Extractor x2  
  40  3:50  Baneling  
  40  3:52  Zergling x8  
  40  3:54  Drone x3  
  40  3:55  Drone x3  
  51  4:02  Zergling x2  
  51  4:03  Zergling x2  
  50  4:14  Overlord x2  
  50  4:19  Drone  
  50  4:22  Drone  
  52  4:27  Drone x2, Hydralisk Den  
  52  4:28  Evolution Chamber, Drone x2  
  54  4:36  Drone x4  
  54  4:37  Drone  
  59  4:38  Extractor  
  57  4:46  Lurker Den  
  57  4:55  Overseer  
  57  5:00  Hydralisk x2  
  57  5:01  Hydralisk x3  
  57  5:02  Zergling x2  
  57  5:03  Zergling x4  
  70  5:08  Zergling x8  
  74  5:21  Overlord x2  
  70  5:30  Zergling x4  
  72  5:38  Zerg Melee Weapons Level 1  
  72  5:43  Baneling  
  72  5:44  Baneling x3  
  72  5:47  Zergling x12  
  72  5:49  Overlord  
  78  5:52  Extractor  
  77  6:03  Overseer  
  77  6:07  Hatchery  
  77  6:15  Lurker x3  
  77  6:16  Zergling x2  
  77  6:17  Zergling x8  
  81  6:24  Overlord x2  
  81  6:30  Queen x2  
  84  6:43  Zergling x10  
  84  6:44  Zergling x6  
  83  6:56  Hydralisk  
  83  6:57  Hydralisk x2  
  83  6:59  Infestation Pit  
  86  7:09  Muscular Augments  
  81  7:24  Hydralisk x2  
  81  7:25  Hydralisk x5  
  90  7:43  Hatchery, Extractor  
  86  7:47  Extractor  
  86  7:48  Lurker x3  
  88  7:54  Hive  
  88  7:55  Zergling x10  
  88  7:56  Zergling x8  
  94  8:01  Overseer  
  95  8:20  Lurker x3  
  95  8:21  Drone x3  
  95  8:22  Drone x3  
  103  8:31  Overseer  
  103  8:37  Zergling x6  
  103  8:38  Zergling x6  
  109  8:46  Overseer  
  109  9:07  Overlord x2  
  109  9:08  Drone x9, Ultralisk Cavern  
  117  9:10  Lurker  
  117  9:13  Lurker x2  
  120  9:36  Zerg Melee Weapons Level 2  
  120  9:42  Hydralisk x6  
  120  9:43  Burrow  
  132  9:51  Overlord  
  132  9:58  Chitinous Plating  
  130  10:05  Overlord x2  
  130  10:12  Spore Crawler  
  130  10:13  Spore Crawler x2  
  127  10:19  Spore Crawler  
  126  10:26  Ultralisk x2  
  135  10:35  Ultralisk  
  141  10:38  Overseer  
  141  10:50  Overlord x2  
  141  11:03  Spine Crawler  
  140  11:12  Ultralisk  
  140  11:13  Hatchery  
  139  11:23  Overlord  
  139  11:26  Overlord  
  131  11:36  Overlord  
  131  11:37  Ultralisk  
  126  11:47  Hydralisk x6  
  119  11:51  Overlord  
  129  12:02  Zerg Melee Weapons Level 3  
  129  12:07  Ultralisk  
  123  12:08  Zergling x2  
  123  12:09  Zergling x6  
  105  12:17  Hydralisk x2  
  106  12:25  Overseer  
  106  12:30  Viper x3  
  115  12:41  Hydralisk x3  
  102  12:58  Ultralisk  
  102  13:07  Zergling x16  
  110  13:21  Extractor  
  110  13:24  Queen x3  
  102  13:57  Baneling x3  
  94  14:28  Hydralisk x6  
  105  14:32  Hydralisk x4  
  106  14:48  Hydralisk x4  
  106  14:49  Hydralisk  
  94  14:58  Hydralisk x2  
  92  15:05  Hydralisk  
  94  15:10  Spawning Pool  
  93  15:24  Hatchery  
  93  15:25  Hydralisk  
  93  15:26  Hydralisk x3  
  100  15:39  Hydralisk  
Show
View Real Time Build Order
Export as new Build Order

Meldo Zerg 

Build Orders: Hatch First, Lurkers 

Get SALT Encoding   

  12  0:02  Drone  
  13  0:08  Drone  
  14  0:17  Overlord  
  14  0:27  Extractor  
  14  0:28  Drone  
  16  0:35  Drone x2  
  17  0:54  Hatchery  
  16  0:58  Drone  
  17  1:12  Spawning Pool  
  17  1:15  Drone  
  17  1:20  Drone  
  17  1:21  Extractor  
  17  1:23  Drone  
  18  1:28  Drone  
  19  1:39  Drone  
  20  1:49  Overlord  
  20  1:58  Queen  
  22  2:06  Zergling x2  
  22  2:07  Queen  
  22  2:08  Drone  
  26  2:18  Drone x2  
  26  2:22  Drone  
  29  2:26  Metabolic Boost  
  29  2:29  Drone  
  30  2:37  Drone  
  30  2:40  Drone  
  32  2:45  Overlord  
  32  2:50  Drone  
  33  2:55  Drone  
  33  2:56  Baneling Nest  
  33  3:04  Drone  
  33  3:05  Drone  
  35  3:10  Spine Crawler, Queen  
  35  3:13  Zergling x4  
  35  3:19  Overlord  
  37  3:23  Zergling x2  
  37  3:24  Drone x2  
  37  3:25  Drone x2  
  37  3:26  Drone  
  44  3:41  Drone x6  
  44  3:45  Lair  
  44  3:46  Baneling x2  
  49  3:56  Roach Warren, Drone x2  
  49  3:57  Drone  
  49  3:59  Drone  
  49  4:00  Extractor  
  51  4:08  Zergling x2  
  51  4:09  Zergling x2  
  52  4:10  Overlord  
  52  4:19  Extractor  
  51  4:31  Zergling x20  
  51  4:32  Extractor  
  51  4:33  Overlord  
  59  4:42  Drone  
  59  4:46  Hydralisk Den  
  58  4:54  Drone x5  
  62  5:04  Hatchery  
  62  5:06  Drone, Glial Reconstitution  
  62  5:09  Burrow  
  62  5:14  Lurker Den  
  62  5:19  Evolution Chamber  
  61  5:21  Overseer  
  56  5:35  Zergling x12  
  56  5:36  Zergling x12  
  67  5:47  Overlord x2  
  67  5:58  Baneling x4  
  67  6:03  Overlord x3  
  64  6:15  Hydralisk x5  
  73  6:20  Zergling x8  
  73  6:21  Zergling x4  
  75  6:35  Overlord  
  75  6:39  Overseer  
  75  6:43  Lurker x2  
  69  6:56  Hydralisk x3  
  69  6:59  Lurker x2  
  78  7:01  Lurker  
  80  7:22  Lurker x3  
  80  7:24  Zergling x14  
  80  7:25  Zergling x12  
  87  7:42  Zergling x4  
  88  7:49  Spire  
  86  7:55  Overlord x2  
  84  8:11  Drone x6  
  84  8:12  Drone  
  91  8:21  Queen  
  91  8:23  Drone x6  
  96  8:27  Extractor  
  96  8:28  Extractor  
  92  8:35  Drone x3  
  95  8:47  Drone x3  
  98  8:48  Spore Crawler  
  98  8:50  Spine Crawler  
  98  8:51  Drone x5  
  98  8:52  Drone  
  101  9:03  Zerg Flyer Weapons Level 1  
  101  9:11  Mutalisk x4  
  109  9:21  Hatchery  
  109  9:22  Spine Crawler, Overseer  
  109  9:23  Spine Crawler  
  106  9:25  Pneumatized Carapace  
  106  9:26  Mutalisk x3, Extractor  
  106  9:29  Zerg Missile Weapons Level 1, Extractor  
  110  9:31  Mutalisk  
  110  9:36  Overlord  
  110  9:37  Overlord  
  112  9:48  Overlord x2  
  112  9:57  Overseer  
  112  9:58  Mutalisk  
  112  9:59  Mutalisk x4  
  122  10:18  Mutalisk  
  122  10:19  Mutalisk x2, Infestation Pit  
  122  10:21  Hatchery  
  126  10:29  Evolution Chamber  
  126  10:33  Mutalisk x3  
  126  10:35  Overlord  
  129  10:50  Hatchery  
  128  10:59  Zerg Flyer Weapons Level 2  
  128  11:05  Zerg Melee Weapons Level 1  
  128  11:20  Extractor  
  128  11:22  Overseer x4  
  128  11:23  Extractor  
  107  11:50  Mutalisk x8  
  120  11:59  Hydralisk x2  
  120  12:00  Hydralisk  
  118  12:11  Hive  
  111  12:24  Zergling x2  
  111  12:25  Zergling x24  
  123  13:04  Zerg Melee Weapons Level 2  
  123  13:05  Zerg Missile Weapons Level 2  
  123  13:15  Overseer x2  
  123  13:24  Overseer  
  122  13:30  Hatchery  
  122  13:32  Zerg Flyer Weapons Level 3  
  117  13:39  Mutalisk x5  
  113  14:04  Roach x15  
  136  14:29  Roach x4  
  132  14:32  Lurker x2  
  132  14:34  Zergling x12  
  122  14:46  Hatchery  
  122  14:50  Hydralisk x3  
  109  15:50  Zergling x2  
  109  15:51  Zergling x18  
  97  16:04  Hatchery  
Tags
 
Add a new tag
Caveats
  • Supply blocks, unpowered buildings, or Contaminate may cause inaccurate times.
  • Supply counts are checked every 10 seconds.